 Dungeon Crawl Stone Soup version 0.27-a0-1416-g941b2bd30b (webtiles) character file.

Game seed: 409314054309924476

2921 shakesphere1979 the Chucker (level 9, -4/85 HPs)
             Began as a Troll Arcane Marksman on May 25, 2021.
             Was a Follower of Qazlal.
             Slain by a slime creature (8 damage)
             ... on level 7 of the Dungeon on July 1, 2021.
             The game lasted 00:26:27 (6404 turns).

shakesphere1979 the Chucker (Troll Arcane Marksman) Turns: 6404, Time: 00:26:28

Health: -4/85      AC:  6    Str: 21    XL:     9   Next: 50%
Magic:  0/12       EV: 11    Int: 11    God:    Qazlal [*.....]
Gold:   213        SH:  1    Dex: 16    Spells: 11/14 levels left

rFire    . . .     SeeInvis .     - Unarmed
rCold    . . .     Faith    .   (no shield)
rNeg     . . .     Spirit   +   a - +0 robe
rPois    .         Reflect  .   (helmet restricted)
rElec    .         Harm     .   n - +1 cloak
rCorr    .         Rampage  .   (gloves unavailable)
Will     .....                  (boots unavailable)
Stlth    +.........             g - amulet of guardian spirit
HPRegen  1.24/turn              i - ring of wizardry
MPRegen  0.13/turn              h - +6 ring of dexterity

@: no status effects
A: large, unfitting armour, claws 3, regeneration 1, shaggy fur 1, tough skin 1
a: Renounce Religion


You were on level 7 of the Dungeon.
You worshipped Qazlal.
Qazlal was aware of your devotion.
You visited 2 branches of the dungeon, and saw 8 of its levels.
You also visited: Ossuary.

You collected 317 gold pieces.
You spent 104 gold pieces at shops.

Inventory:

Missiles
 f - 3 boomerangs
 l - 4 atropa-tipped darts
 v - 2 throwing nets
 y - 3 large rocks (quivered)
Armour
 a - a +0 robe (worn)
 n - a +1 cloak (worn)
Jewellery
 g - an amulet of guardian spirit (around neck)
 h - a +6 ring of dexterity (right claw)
 i - a ring of wizardry (left claw)
 B - a ring of magical power
Wands
 o - a wand of iceblast (9)
 q - a wand of digging (4)
 C - a wand of flame (22)
Scrolls
 c - a scroll of torment {unknown}
 d - 2 scrolls of teleportation
 j - 2 scrolls of identify
 m - a scroll of enchant weapon {unknown}
 r - a scroll of brand weapon
 t - a scroll of magic mapping
 D - a scroll of fog {unknown}
Potions
 b - 3 potions of haste
 e - 3 potions of brilliance {unknown}
 k - a potion of berserk rage {unknown}
 p - a potion of flight {unknown}
 s - 2 potions of curing
 u - 2 potions of resistance {unknown}
 w - a potion of might {unknown}
 x - a potion of mutation {unknown}
 z - a potion of cancellation {unknown}
 A - a potion of heal wounds
 E - a potion of attraction {unknown}


   Skills:
 + Level 4.7 Fighting
 + Level 5.7 Throwing
 - Level 4.0 Dodging
 + Level 4.3 Unarmed Combat
 - Level 3.0 Spellcasting
 - Level 4.0 Hexes
 - Level 3.0 Evocations


You had 11 spell levels left.
You knew the following spells:

 Your Spells              Type           Power      Damage    Failure   Level
a - Corona                Hex            11%        N/A       1%          1
b - Slow                  Hex            10%        N/A       3%          2

Your spell library contained the following spells:

 Spells                   Type           Power      Damage    Failure   Level
 Magic Dart               Conj           4%         1d3       11%         1
 Inner Flame              Hex/Fire       6%         N/A       14%         3
 Portal Projectile        Hex/Tloc       12%        N/A       14%         3
 Blink                    Tloc           N/A        N/A       16%         2
 Call Imp                 Summ           1%         N/A       16%         2
 Cause Fear               Hex            5%         N/A       21%         4
 Conjure Flame            Conj/Fire      1%         6-21      30%         3
 Mephitic Cloud           Conj/Pois/Air  1%         N/A       30%         3
 Leda's Liquefaction      Hex/Erth       3%         N/A       41%         4


Dungeon Overview and Level Annotations

Branches:
Dungeon (7/15)             Temple (1/1) D:4         Ossuary (visited)

Altars:
Ashenzari
Cheibriados
Elyvilon
Fedhas
Gozag
Kikubaaqudgha
Makhleb
Nemelex Xobeh
Qazlal
Ru
Sif Muna
Trog
Vehumet
Yredelemnul
The Shining One

Shops:
D:4 !


Innate Abilities, Weirdness & Mutations

You are too large for most types of armour.
You have claws for hands.
Your natural rate of healing is unusually fast.
You are covered in fur. (AC +1)
You have tough skin. (AC +1)


Message History

A large slime creature splits.
You barely miss the slime creature.
The slime creature is moderately wounded.
Two slime creatures merge to form a large slime creature.
You scratch the slime creature.
The slime creature is moderately wounded.
The slime creature hits you!
You scratch the slime creature.
The slime creature is moderately wounded.
The slime creature closely misses you.
You claw the slime creature!
The slime creature is heavily wounded.
The large slime creature barely misses you.
The slime creature closely misses you.
You barely miss the slime creature.
The slime creature is heavily wounded.
The large slime creature barely misses you.
The slime creature hits you!
You scratch the slime creature.
The slime creature is heavily wounded.
The large slime creature hits you!!
The slime creature hits you but does no damage.
You claw the slime creature! You claw the slime creature.
The slime creature is severely wounded.
The large slime creature hits you. The slime creature closely misses you.
You scratch the slime creature.
The slime creature is severely wounded.
The large slime creature closely misses you.
The slime creature barely misses you.
You claw the slime creature!
The slime creature is almost dead.
The large slime creature hits you!!
* * * LOW HITPOINT WARNING * * *
The slime creature hits you!
* * * LOW HITPOINT WARNING * * *
You scratch the slime creature.
The slime creature is almost dead.
The large slime creature closely misses you.
The slime creature hits you!
You die...

## ... ### #..#
..##. #...#
...... #....#
.....#
#.....####.....
#.....JJ......#
#@..# ##.## #.#
##.# #..# #.##
# ##.### #.
##....#
.#..###..##...#


You could see a large slime creature and a slime creature.

Vanquished Creatures
  Pikel (D:4)
  A wraith (Ossuary)
  Duvessa (D:5)
  2 water moccasins (D:6)
  2 ice beasts (D:6)
  2 sky beasts (D:5)
  2 ogres
  2 necrophages
  A centaur (D:3)
  A phantom (D:6)
  A lemure (D:5)
  Blork the orc (D:6)
  A bullfrog (D:6)
  A wyvern zombie (D:7)
  Dowan (D:5)
  A gnoll sergeant (D:6)
  A water moccasin skeleton (D:6)
  4 wights
  A vampire bat (D:4)
  A howler monkey (D:6)
  A centaur zombie (D:6)
  3 hounds
  A jelly (D:6)
  2 bullfrog skeletons
  2 centaur skeletons
  Crazy Yiuf (D:2)
  An iguana (D:4)
  A mummy (Ossuary)
  Robin (D:2)
  4 gnolls (D:4)
  4 adders
  A shadow imp (D:6)
  A white imp (D:6)
  An adder skeleton (D:5)
  3 worms
  A dart slug (D:2)
  11 orcs
  8 ball pythons
  4 endoplasms
  3 giant cockroaches (D:3)
  18 goblins
  5 hobgoblins
  7 jackals
  6 kobolds
  6 quokkas
  12 bats
  2 frilled lizards
  8 gnoll skeletons (Ossuary)
  3 kobold skeletons (Ossuary)
  14 orc skeletons (Ossuary)
  5 rats
168 creatures vanquished.

Notes
Turn   | Place    | Note
-------+----------+-------------------------------------------
     0 | D:1      | shakesphere1979 the Troll Arcane Marksman began the quest
                  | for the Orb.
     0 | D:1      | Reached XP level 1. HP: 18/18 MP: 1/1
    51 | D:1      | Reached skill level 1 in Fighting
    89 | D:1      | Reached skill level 2 in Throwing
   143 | D:1      | Reached XP level 2. HP: 24/27 MP: 2/2
   759 | D:2      | Reached XP level 3. HP: 33/33 MP: 3/3
   841 | D:2      | Found a runed translucent door.
   842 | D:2      | Noticed Crazy Yiuf
  1119 | D:2      | Noticed Robin
  1230 | D:2      | Killed Robin
  1544 | D:2      | Killed Crazy Yiuf
  1545 | D:2      | Reached XP level 4. HP: 8/42 MP: 4/4
  1835 | D:3      | Noticed a centaur
  1839 | D:3      | Killed a centaur
  1840 | D:3      | Reached skill level 3 in Throwing
  1840 | D:3      | Reached XP level 5. HP: 28/50 MP: 5/5
  2599 | D:4      | Learned a level 2 spell: Slow
  2649 | D:4      | Reached XP level 6. HP: 59/59 MP: 6/6
  2851 | D:4      | Found Zaepsus's Distillery.
  2854 | D:4      | Bought a potion of heal wounds for 65 gold pieces
  2854 | D:4      | Bought a potion of curing for 39 gold pieces
  2890 | D:4      | Found a staircase to the Ecumenical Temple.
  2993 | D:4      | Found a sand-covered staircase.
  3010 | D:4      | Reached skill level 4 in Throwing
  3049 | Ossuary  | Entered an ossuary
  3049 | Ossuary  | Noticed a wraith
  3049 | Ossuary  | Noticed a wraith
  3049 | Ossuary  | Noticed a wraith
  3317 | Ossuary  | Noticed a wraith
  3345 | Ossuary  | Killed a wraith
  3346 | Ossuary  | Reached skill level 1 in Evocations
  3346 | Ossuary  | Reached XP level 7. HP: 65/67 MP: 6/8
  3712 | Temple   | Entered the Ecumenical Temple
  3841 | Temple   | Became a worshipper of Qazlal Stormbringer
  3888 | D:5      | Entered Level 5 of the Dungeon
  3922 | D:5      | Noticed Pikel
  4033 | D:4      | Killed Pikel
  4034 | D:4      | Reached XP level 8. HP: 75/75 MP: 8/11
  4371 | D:5      | Noticed Duvessa
  4415 | D:5      | Killed Duvessa
  4436 | D:5      | Noticed Dowan
  4617 | D:6      | Reached skill level 1 in Unarmed Combat
  5045 | D:5      | Killed Dowan
  5312 | D:6      | Reached XP level 9. HP: 79/84 MP: 10/12
  5472 | D:6      | Reached skill level 5 in Throwing
  5731 | D:6      | Noticed Blork the orc
  5807 | D:6      | Reached * piety under Qazlal
  6140 | D:6      | Killed Blork the orc
  6317 | D:7      | Upgraded the game from 0.27-a0-1193-g8631133539 to
                  | 0.27-a0-1416-g941b2bd30b
  6403 | D:7      | HP: 3/85 [slime creature (12)]
  6404 | D:7      | Slain by a slime creature

Illustrated notes

Levels and vault maps discovered:
D:1:      dpeg_arrival_pits, layout_basic
D:2:      layout_basic, uniq_crazy_yiuf_cottage, uniq_robin
D:3:      layout_rooms, gup_sewer_entry_bubbles, serial_co_window_serial,
          co_window_corner_a, co_window_corner_a, co_window_paths_a,
          co_window_corner_a, co_window_corner_a, co_window_paths_a,
          co_window_paths_a, co_window_broadway_c, co_window_paths_c,
          co_window_corner_b, co_window_cross_2, co_window_4corner_b,
          glass_columns_c
D:4:      layout_basic, temple_green, nicolae_ossuary_entry_monument,
          serial_shops, kennysheep_mini_moat, minmay_misc_feat_cross,
          roderic_batcave
D:5:      layout_rooms, uniq_pikel, uniq_duvessa
D:6:      layout_basic, sword_in_stone
D:7:      cheibrodos_fzero, layout_layer_cave, uniq_maggie, uniq_menkaure
Temple:   regret_index_temple_waves

Skill      XL: |  1  2  3  4  5  6  7  8  9 |
---------------+----------------------------+-----
Fighting       | 1 2 3 4 |  4.7
Throwing       | 2 3 4 5 |  5.7
Dodging        | 2 3 4 |  4.0
Evocations     | 1 3 |  3.0
Spellcasting   | 2 3 |  3.0
Hexes          | 3 4 |  4.0
Unarmed Combat | 2 4 |  4.3

Action                   |  1- 3 |  4- 6 |  7- 9 || total
-------------------------+-------+-------+-------++-------
Melee: Unarmed           |   182 |   212 |   262 ||   656
       Punch             |       |       |     3 ||     3
Throw: Large rock        |     6 |    17 |    18 ||    41
       Throwing net      |       |       |     2 ||     2
Evoke: Wand              |       |     2 |    10 ||    12
  Use: Scroll            |       |       |     8 ||     8
       Potion            |       |       |     3 ||     3
 Stab: Sleeping          |       |       |     1 ||     1
Armor: Robe              |    55 |   114 |    96 ||   265
Dodge: Dodged            |    97 |   141 |   137 ||   375
Block: Other             |       |       |     1 ||     1

Table legend: (Time is in decaauts)
 A = Elapsed time spent in this place.
 B = Non-inter-level travel time spent in this place.
 C = Inter-level travel time spent in this place.
 D = Time resting spent in this place.
 E = Time spent auto-exploring this place.
 F = Levels seen in this place.
 G = Mean time per level.
                   A        B        C        D        E       F      G
               +--------+--------+--------+--------+--------+-----+--------+
         Total |   6471 |   6281 |    190 |    389 |   2910 |   9 |  719.0 |
       Dungeon |   5945 |   5777 |    168 |    389 |   2822 |   7 |  849.3 |
        Temple |    155 |    133 |     22 |      0 |     88 |   1 |  155.0 |
       Ossuary |    370 |    370 |      0 |      0 |      0 |   1 |  370.0 |
               +--------+--------+--------+--------+--------+-----+--------+

Top non-repeatable levels by time:
     D:6: 1503 daAuts
     D:3: 1005 daAuts
     D:4: 950 daAuts
     D:2: 901 daAuts
     D:5: 745 daAuts
     D:1: 709 daAuts
 Ossuary: 370 daAuts
  Temple: 155 daAuts
     D:7: 130 daAuts
